AoeStats
← ZhekaZheskach

Arena

508310037Analyzed
4v4 RM · 11d ago on Sep 21, 2026· 86m 52s· 8 players
Game mode
Random Map
Map size
Large (8 player)
Population
200
Speed
Normal
Resources
Standard
Victory
Conquest
Starting age
Dark Age
Ending age
Imperial Age
RankedLock teamsTeams togetherTeam positionsShared explorationLock speedFull tech treeHidden civsTurbo modeCheats
Victory
Defeat
🇵🇪 Franks · Peru
1022
+13
🇺🇦 Bengalis · Ukraine
1004
+14
🇩🇪 Mongols · Germany
999
+40
🇷🇺 Bohemians · Russia
901
+19
🇹🇷 Celts · Türkiye
965
-15
🇪🇸 Burgundians · Spain
955
-15
🇹🇷 Khmer · Türkiye
953
-15
🇪🇸 Persians · Spain
950
-15
Mephisst0
3:02 Loom
11:08 Feudal Age
12:37 Double-Bit Axe
17:32 Castle Age
16:44 Fletching
18:29 Wheelbarrow
17:46 Stone Mining
20:48 Husbandry
21:12 Horse Collar
23:14 Heavy Plow
24:03 Town Watch
24:32 Bow Saw
26:26 Fervor
26:23 Kamandaran
27:11 Hand Cart
28:52 Padded Archer Armor
29:09 Gold Mining
34:24 Imperial Age
32:11 Crossbowman
33:21 Thumb Ring
33:41 Ballistics
33:55 Bloodlines
34:21 Caravan
35:03 Thumb Ring
36:07 Conscription
35:10 Crossbowman
37:06 Elite Skirmisher
38:52 Gold Shaft Mining
39:01 Leather Archer Armor
38:42 Bodkin Arrow
38:53 Scale Barding Armor
38:59 Forging
39:54 Chemistry
39:07 Masonry
39:16 Block Printing
39:05 Elite War Elephant
40:43 Stone Shaft Mining
41:55 Town Patrol
42:39 Iron Casting
42:25 Chain Barding Armor
46:38 Architecture
46:04 Murder Holes
47:12 Blast Furnace
46:48 Plate Barding Armor
46:43 Ring Archer Armor
52:04 Citadels
71:43 Two-Man Saw
Eskiçeri
11:58 Feudal Age
16:01 Castle Age
14:37 Double-Bit Axe
14:36 Horse Collar
20:20 Bow Saw
20:15 Heavy Plow
27:06 Wheelbarrow
31:44 Imperial Age
29:32 Hand Cart
31:02 Gold Mining
31:35 Fortified Wall
31:21 Murder Holes
32:27 Gold Shaft Mining
32:38 Furor Celtica
31:53 Onager
33:30 Husbandry
32:51 Light Cavalry
32:52 Cavalier
33:43 Heavy Scorpion
39:27 Caravan
40:49 Scale Barding Armor
40:55 Forging
40:36 Town Watch
40:37 Loom
40:23 Paladin
46:29 Hussar
48:38 Iron Casting
48:23 Chain Barding Armor
54:23 Town Patrol
King Lear
10:57 Feudal Age
15:51 Castle Age
18:16 Double-Bit Axe
18:15 Horse Collar
20:45 Loom
23:31 Gold Mining
25:35 Wheelbarrow
26:59 Hand Cart
27:02 Stone Mining
29:06 Gold Shaft Mining
31:35 Imperial Age
30:18 Stone Shaft Mining
29:52 Heavy Plow
30:13 Bow Saw
30:37 Caravan
32:43 Heavy Scorpion
36:18 Chemistry
35:33 Forging
37:25 Double Crossbow
37:47 Conscription
38:30 Iron Casting
38:29 Crop Rotation
38:53 Pikeman
39:35 Halberdier
41:20 Blast Furnace
40:23 Scale Mail Armor
40:14 Capped Ram
40:59 Siege Ram
48:55 Chain Mail Armor
58:30 Onager
alejandro.cfs
9:04 Wheelbarrow
12:20 Feudal Age
13:39 Hand Cart
23:18 Castle Age
21:33 Stone Mining
21:35 Gold Mining
22:34 Loom
23:52 Horse Collar
29:30 Imperial Age
27:45 Burgundian Vineyards
31:33 Chemistry
32:29 Gold Shaft Mining
34:18 Onager
41:49 Double-Bit Axe
45:21 Caravan
48:44 Fletching
64:59 Bodkin Arrow
ZhekaZheskach
10:56 Feudal Age
16:30 Castle Age
14:53 Double-Bit Axe
16:28 Horse Collar
16:59 Fletching
16:59 Town Watch
20:53 Fervor
20:43 Bodkin Arrow
24:44 Pikeman
25:49 Husbandry
33:04 Imperial Age
31:38 Forging
31:42 Heavy Plow
33:15 Iron Casting
33:06 Bow Saw
35:11 Chemistry
34:37 Conscription
34:05 Cavalier
36:09 Blast Furnace
35:36 Squires
36:19 Scale Barding Armor
36:53 Wheelbarrow
36:21 Town Patrol
36:07 Loom
35:55 Light Cavalry
37:23 Conscription
38:59 Siege Engineers
39:16 Ballistics
38:34 Elite Hussite Wagon
40:13 Halberdier
40:54 Squires
41:00 Scale Mail Armor
41:21 Chain Barding Armor
41:23 Hand Cart
46:49 Wagenburg Tactics
49:25 Two-Man Saw
48:52 Guilds
49:13 Coinage
48:45 Caravan
53:17 Houfnice
54:33 Banking
60:11 Fortified Wall
63:41 Chain Mail Armor
63:27 Bracer
67:15 Arson
69:09 Plate Mail Armor
68:57 Masonry
68:43 Murder Holes
sparttanez
12:28 Feudal Age
16:36 Castle Age
14:54 Double-Bit Axe
15:17 Horse Collar
17:06 Wheelbarrow
17:27 Bow Saw
17:48 Heavy Plow
22:36 Gold Mining
24:46 Hand Cart
29:02 Imperial Age
26:19 Town Watch
26:55 Loom
27:51 Gold Shaft Mining
27:08 Stone Mining
27:13 Fletching
27:25 Padded Archer Armor
28:26 Bloodlines
28:16 Husbandry
28:15 Bodkin Arrow
28:06 Treadmill Crane
29:13 Leather Archer Armor
29:23 Ballistics
29:19 Elite Elephant Archer
31:04 Chemistry
31:01 Crop Rotation
30:46 Bracer
31:17 Ring Archer Armor
31:40 Conscription
33:33 Siege Engineers
39:01 Mahayana
38:47 Paiks
40:11 Caravan
43:32 Coinage
43:12 Guilds
49:28 Scale Barding Armor
49:33 Forging
49:05 Light Cavalry
49:06 Elite Battle Elephant
55:03 Chain Barding Armor
55:19 Iron Casting
55:22 Banking
60:04 Plate Barding Armor
59:30 Scale Mail Armor
60:33 Blast Furnace
65:05 Two-Man Saw
64:29 Masonry
67:00 Pikeman
67:41 Squires
67:27 Gambesons
67:28 Arson
68:20 Chain Mail Armor
68:41 Architecture
68:22 Fortified Wall
68:59 Halberdier
78:56 Town Patrol
Rackl Peter
10:22 Feudal Age
12:51 Horse Collar
12:57 Double-Bit Axe
15:23 Castle Age
13:19 Double-Bit Axe
20:19 Heavy Plow
21:51 Bow Saw
24:20 Wheelbarrow
30:28 Imperial Age
28:14 Hand Cart
29:17 Loom
29:17 Town Watch
30:32 Gold Mining
30:35 Stone Mining
30:40 Fletching
31:08 Town Patrol
32:46 Ballistics
33:27 Chemistry
32:28 Bodkin Arrow
33:17 Stone Shaft Mining
33:20 Gold Shaft Mining
35:00 Parthian Tactics
34:41 Thumb Ring
34:35 Elite Mangudai
35:55 Bracer
35:57 Padded Archer Armor
38:55 Conscription
39:49 Leather Archer Armor
39:41 Scale Barding Armor
41:04 Light Cavalry
41:56 Bloodlines
41:46 Husbandry
42:03 Hussar
43:52 Chain Barding Armor
43:43 Forging
47:25 Murder Holes
47:40 Masonry
48:08 Hoardings
51:27 Siege Engineers
51:34 Fortified Wall
84:10 Pikeman
84:54 Squires
JP_Empire
11:14 Feudal Age
10:19 Loom
15:12 Castle Age
Connection lost

Rejoining the realm…

Still unreachable

The connection could not be restored.

Session expired

The server has moved on; the page needs a fresh start.